AoeStats
← Jan6thhero

Arabia

506028526Analyzed
3v3 RM · 18d ago on Sep 12, 2026· 46m 8s· 6 players
Game mode
Random Map
Map size
Normal (6 player)
Population
200
Speed
Normal
Resources
Standard
Victory
Conquest
Starting age
Dark Age
Ending age
Imperial Age
RankedLock teamsTeams togetherTeam positionsShared explorationLock speedFull tech treeHidden civsTurbo modeCheats
Victory
Defeat
🇵🇬 Japanese · Papua New Guinea
754
+14
🇨🇦 Persians · Canada
720
+15
🇨🇦 Sicilians · Canada
601
+44
🇲🇽 Chinese · Mexico
732
-18
🇺🇸 Inca · United States
689
-16
🇺🇸 Britons · United States
677
-15
SharyZ
13:00 Feudal Age
16:06 Loom
16:37 Double-Bit Axe
26:05 Castle Age
24:06 Fletching
24:55 Horse Collar
26:02 Gold Mining
27:43 Stone Mining
28:18 Scale Mail Armor
28:14 Bodkin Arrow
29:23 Forging
29:55 Thumb Ring
30:58 Stone Shaft Mining
31:55 Iron Casting
32:41 Squires
33:54 Wheelbarrow
34:01 Elite Skirmisher
37:30 Padded Archer Armor
44:34 Imperial Age
42:21 Hand Cart
42:31 Hand Cart
43:01 Ballistics
43:07 Heated Shot
43:25 Great Wall
46:28 Chemistry
Karma
10:44 Feudal Age
18:25 Castle Age
16:21 Double-Bit Axe
17:21 Horse Collar
17:36 Gold Mining
17:38 Stone Mining
17:59 Fletching
19:35 Bow Saw
22:25 Heavy Plow
24:40 Crossbowman
26:13 Squires
25:34 Man-at-Arms
27:38 Padded Archer Armor
Mase of Spades
11:57 Feudal Age
12:13 Loom
12:25 Double-Bit Axe
13:40 Wheelbarrow
14:00 Gold Mining
19:34 Castle Age
18:32 Horse Collar
18:45 Stone Mining
20:42 Bow Saw
24:39 Heavy Plow
27:07 Gold Shaft Mining
29:07 Hand Cart
28:42 Champi Runner
29:23 Squires
30:38 Elite Skirmisher
30:52 Champi Warrior
33:28 Forging
33:19 Scale Mail Armor
34:35 Thumb Ring
34:28 Pikeman
39:51 Imperial Age
38:56 Andean Sling
43:27 Elite Champi Warrior
43:28 Halberdier
Jan6thhero
16:00 Feudal Age
17:34 Wheelbarrow
16:45 Town Watch
39:30 Bloodlines
44:15 Double-Bit Axe
44:27 Stone Mining
Oatmeal_de_Greatest
1:33 Loom
11:07 Feudal Age
18:19 Castle Age
16:58 Horse Collar
18:43 Double-Bit Axe
27:34 Heavy Plow
29:56 Husbandry
30:34 Bow Saw
36:35 Forging
36:31 Scale Barding Armor
39:03 Imperial Age
37:14 Bloodlines
37:05 Husbandry
38:39 Town Watch
39:32 Wheelbarrow
38:45 Arson
38:21 Pikeman
39:03 Squires
38:48 Gambesons
38:24 Man-at-Arms
41:00 Conscription
41:06 Hand Cart
40:52 Town Patrol
43:51 Crop Rotation
44:27 Two-Man Saw
44:23 Iron Casting
43:36 Long Swordsman
43:40 Halberdier
46:11 Chain Barding Armor
46:52 Blast Furnace
LyricLearner240
2:58 Loom
11:22 Feudal Age
12:58 Double-Bit Axe
13:15 Stone Mining
13:16 Arson
14:03 Horse Collar
14:16 Gold Mining
22:57 Castle Age
20:51 Fletching
21:53 Padded Archer Armor
23:37 Crossbowman
24:38 Thumb Ring
24:38 Bodkin Arrow
27:30 Leather Archer Armor
35:15 Imperial Age
33:08 Scale Mail Armor
33:19 Forging
35:30 Ballistics
36:26 Conscription
39:04 Arbalester
40:40 Kataparuto
42:00 Hoardings
44:51 Wheelbarrow
44:02 Town Watch
44:20 Bracer
44:51 Ring Archer Armor
45:26 Chemistry
44:52 Elite Samurai
Connection lost

Rejoining the realm…

Still unreachable

The connection could not be restored.

Session expired

The server has moved on; the page needs a fresh start.